Map: Dusk Towers

Players

Miszu

  • Race: Terran Terran
  • League: Grandmaster

IIIIIIIIIIII - Winner!

  • Race: Terran Terran
  • League: Master

VOD

Have the link to the VOD?

Description

Time

  • Played on: May 26, 2016, 2:03 p.m.
  • Length: 2:30
Show
View Real Time Build Order
Export as new Build Order

Miszu Terran 

Build Orders:  

Get SALT Encoding   

  12  0:00  SCV  
  13  0:12  SCV  
  14  0:19  Supply Depot  
  14  0:25  SCV  
  15  0:29  Refinery  
  15  0:41  SCV  
  16  0:53  SCV  
  16  0:55  Barracks  
  17  0:59  Refinery  
  17  1:05  SCV  
  18  1:17  SCV  
Show
View Real Time Build Order
Export as new Build Order

IIIIIIIIIIII Terran - Winner!

Build Orders:  

Get SALT Encoding   

  12  0:02  SCV  
  13  0:15  SCV  
  13  0:18  Supply Depot  
  14  0:27  SCV  
  15  0:43  Barracks  
  15  0:44  SCV  
  15  0:46  Refinery  
  16  0:56  SCV  
  17  1:08  SCV  
  18  1:20  SCV  
  19  1:30  Barracks Reactor  
  19  1:35  Orbital Command  
  19  1:47  Command Center  
  19  2:01  SCV  
  19  2:07  Marine x2  
  22  2:11  Supply Depot  
  22  2:15  Factory  
Tags
 
Add a new tag
Caveats
  • Supply blocks, unpowered buildings, or Contaminate may cause inaccurate times.
  • Supply counts are checked every 10 seconds.